General information
			
			
        
        - name: BNet
 
        - type: Ladder team game (AT/RT)
 
        - host: Battle.net
 
        - saver: AsianPresident
 
        
map: FullScaleAssault 
        - players: 8
 
        - length: 61:50
 
        - speed: Fast
 - version: 1.22 W3XP
 - replay type:  Public
 
» download(516 KB)
Players
        team 1 (winner) 
              
              
» 
AsianPresident (
green | 85 APM | 5278 actions | 61:50)
              
 7 Death Knight 
 3 Death Coil
 3 Unholy Aura
 1 Death Pact
 3 Lich 
 2 Frost Nova
 1 Frost Armor
 3 Dreadlord 
 2 Sleep
 1 Carrion Swarm
 
                » actions 
                
                | Assign group hotkey | 37 |  | 
| Basic commands | 303 |  | 
| Build / train | 92 |  | 
| ESC pressed | 14 |  | 
| Enter build submenu | 52 |  | 
| Enter hero's abilities submenu | 15 |  | 
| Give item / drop item | 4 |  | 
| Right click | 2463 |  | 
| Select / deselect | 1352 |  | 
| Select group hotkey | 727 |  | 
| Use ability | 218 |  | 
                5278 total
 » units 
                
                | Acolyte | 27 |  | 
| Ghoul | 5 |  | 
| Crypt Fiend | 3 |  | 
| Frost Wyrm | 8 |  | 
                43 total
 » upgrades
                » buildings
                
                | Crypt | 1 |  | 
| Graveyard | 1 |  | 
| Altar of Darkness | 5 |  | 
| Ziggurat | 19 |  | 
| Tomb of Relics | 1 |  | 
| Nerubian Tower | 2 |  | 
| Necropolis | 6 |  | 
| Halls of the Dead | 1 |  | 
| Black Citadel | 1 |  | 
| Spirit Tower | 3 |  | 
| Sacrificial Pit | 1 |  | 
| Boneyard | 2 |  | 
| Altar of Elders | 2 |  | 
| Moon Well | 1 |  | 
                46 total
 » build order
                00:07 Crypt
00:19 Graveyard
00:30 Altar of Darkness
00:48 Ziggurat
01:14 Tomb of Relics
01:49 Ziggurat
03:24 Nerubian Tower
05:29 Necropolis
05:30 Halls of the Dead
07:07 Ziggurat
08:15 Black Citadel
08:26 Ziggurat
08:28 Necropolis
08:46 Spirit Tower
09:18 Nerubian Tower
09:27 Sacrificial Pit
11:27 Spirit Tower
11:29 Boneyard
11:30 Boneyard
13:55 Ziggurat
14:00 Ziggurat
19:51 Ziggurat
20:36 Ziggurat
20:38 Ziggurat
20:48 Ziggurat
21:40 Ziggurat
21:42 Necropolis
23:50 Altar of Darkness
24:15 Spirit Tower
25:56 Necropolis
27:39 Altar of Darkness
27:40 Altar of Darkness
28:59 Ziggurat
29:02 Ziggurat
29:35 Ziggurat
30:06 Ziggurat
31:01 Ziggurat
34:31 Altar of Elders
34:34 Altar of Elders
35:04 Necropolis
35:44 Moon Well
51:23 Ziggurat
51:25 Ziggurat
51:27 Necropolis
52:26 Ziggurat
55:32 Altar of Darkness
» items
                
                | Rod of Necromancy | 4 |  | 
| Dust of Appearance | 1 |  | 
| Orb of Corruption | 2 |  | 
| Potion of Mana | 4 |  | 
| Potion of Healing | 3 |  | 
| Scroll of Healing | 2 |  | 
| Scroll of Town Portal | 5 |  | 
| Healing Salve | 1 |  | 
| Lesser Clarity Potion | 3 |  | 
                25 total
  
               
              
              
» 
REDSEWFDS (
orange | 120 APM | 7413 actions | 61:50)
              
 10 Blademaster 
 3 Wind Walk
 3 Critical Strike
 3 Mirror Image
 1 Bladestorm
 
                » actions 
                
                | Assign group hotkey | 575 |  | 
| Basic commands | 2 |  | 
| Build / train | 169 |  | 
| ESC pressed | 38 |  | 
| Enter build submenu | 85 |  | 
| Enter hero's abilities submenu | 10 |  | 
| Give item / drop item | 4 |  | 
| Right click | 4050 |  | 
| Select / deselect | 820 |  | 
| Select group hotkey | 1237 |  | 
| Use ability | 423 |  | 
                7413 total
 » units 
                
                | Peon | 47 |  | 
| Goblin Zeppelin | 1 |  | 
| Goblin Shredder | 3 |  | 
| Troll Batrider | 32 |  | 
| Raider | 12 |  | 
| Shaman | 11 |  | 
| Wind Rider | 7 |  | 
| Tauren | 1 |  | 
                114 total
 » upgrades
                
                | Liquid Fire | 1 |  | 
| Reinforced Defenses | 1 |  | 
| Ensnare | 1 |  | 
| Pillage | 1 |  | 
| Melee Weapons | 1 |  | 
| Shaman Training | 2 |  | 
| Envenomed Spears | 1 |  | 
| Ranged Weapons | 1 |  | 
| Armor | 2 |  | 
| Pulverize | 1 |  | 
                12 total
 » buildings
                
                | Altar of Storms | 3 |  | 
| Orc Burrow | 18 |  | 
| War Mill | 3 |  | 
| Voodoo Lounge | 2 |  | 
| Watch Tower | 29 |  | 
| Stronghold | 6 |  | 
| Beastiary | 7 |  | 
| Fortress | 2 |  | 
| Great Hall | 13 |  | 
| Spirit Lodge | 3 |  | 
| Tauren Totem | 1 |  | 
                87 total
 » build order
                00:08 Altar of Storms
00:24 Orc Burrow
00:42 War Mill
01:48 Voodoo Lounge
02:21 Watch Tower
02:24 Watch Tower
02:59 Watch Tower
03:33 Stronghold
03:34 Stronghold
03:34 Stronghold
04:09 Watch Tower
06:00 Beastiary
06:01 Beastiary
06:22 Watch Tower
06:23 Watch Tower
06:42 Orc Burrow
06:43 Orc Burrow
06:45 Fortress
07:43 Watch Tower
07:52 Watch Tower
09:18 Orc Burrow
09:18 Orc Burrow
09:19 Orc Burrow
09:43 Great Hall
11:38 Watch Tower
12:18 Great Hall
13:51 Watch Tower
15:20 Orc Burrow
15:22 Spirit Lodge
15:24 Orc Burrow
15:26 Spirit Lodge
17:20 Watch Tower
18:27 Beastiary
18:36 Beastiary
19:14 Beastiary
20:49 Altar of Storms
24:21 Watch Tower
24:41 Watch Tower
25:49 Beastiary
27:34 Stronghold
27:34 Stronghold
27:37 War Mill
28:26 Voodoo Lounge
28:30 Altar of Storms
28:33 Orc Burrow
29:14 Great Hall
29:40 Watch Tower
29:41 Watch Tower
29:42 Watch Tower
30:01 Beastiary
30:07 Orc Burrow
30:33 War Mill
30:52 Fortress
31:06 Orc Burrow
32:40 Watch Tower
32:43 Spirit Lodge
36:29 Orc Burrow
36:46 Tauren Totem
37:32 Orc Burrow
37:52 Orc Burrow
37:54 Orc Burrow
38:15 Great Hall
38:16 Watch Tower
38:16 Watch Tower
38:16 Watch Tower
38:49 Great Hall
38:50 Watch Tower
39:09 Orc Burrow
40:11 Watch Tower
40:13 Watch Tower
41:16 Great Hall
41:24 Great Hall
42:30 Great Hall
45:32 Great Hall
47:19 Great Hall
48:21 Great Hall
50:27 Watch Tower
50:28 Watch Tower
55:58 Great Hall
57:18 Great Hall
57:28 Orc Burrow
57:29 Watch Tower
57:30 Watch Tower
58:19 Watch Tower
61:20 Orc Burrow
61:29 Watch Tower
» items
                
                | Healing Salve | 3 |  | 
| Lesser Clarity Potion | 4 |  | 
| Boots of Speed | 1 |  | 
| Staff of Teleportation | 2 |  | 
| Potion of Healing | 1 |  | 
| Orb of Lightning | 1 |  | 
| Scroll of Town Portal | 4 |  | 
| Potion of Lesser Invulnerability | 1 |  | 
                17 total
  
               
              
              
» 
TIMG4STRok (
red | 111 APM | 6881 actions | 61:50)
              
 10 Tauren Chieftain 
 3 War Stomp
 3 Endurance Aura
 1 Reincarnation
 3 Shockwave
 6 Keeper of the Grove 
 2 Thorns Aura
 3 Entangling Roots
 1 Tranquility
 7 Priestess of the Moon 
 1 Scout
 2 Trueshot Aura
 3 Searing Arrows
 1 Starfall
 
                » actions 
                
                | Assign group hotkey | 63 |  | 
| Basic commands | 242 |  | 
| Build / train | 127 |  | 
| ESC pressed | 10 |  | 
| Enter build submenu | 50 |  | 
| Enter hero's abilities submenu | 23 |  | 
| Give item / drop item | 13 |  | 
| Right click | 3323 |  | 
| Select / deselect | 596 |  | 
| Select group hotkey | 2190 |  | 
| Use ability | 243 |  | 
                6881 total
 » units 
                
                | Peon | 22 |  | 
| Troll Headhunter/Berserker | 32 |  | 
| Chimaera | 13 |  | 
| Wisp | 5 |  | 
| Goblin Zeppelin | 1 |  | 
                73 total
 » upgrades
                
                | Ranged Weapons | 3 |  | 
| Troll Regeneration | 1 |  | 
| Well Spring | 1 |  | 
| Ultravision | 1 |  | 
| Strength of the Wild | 1 |  | 
| Reinforced Hides | 1 |  | 
| Berserker Upgrade | 1 |  | 
| Reinforced Defenses | 1 |  | 
| Corrosive Breath | 1 |  | 
| Armor | 3 |  | 
                14 total
 » buildings
                
                | Altar of Storms | 1 |  | 
| Orc Burrow | 7 |  | 
| War Mill | 2 |  | 
| Barracks | 2 |  | 
| Great Hall | 7 |  | 
| Stronghold | 1 |  | 
| Watch Tower | 6 |  | 
| Fortress | 1 |  | 
| Tree of Life | 4 |  | 
| Chimaera Roost | 2 |  | 
| Moon Well | 11 |  | 
| Voodoo Lounge | 1 |  | 
| Hunter's Hall | 1 |  | 
| Tree of Ages | 1 |  | 
| Altar of Elders | 2 |  | 
                49 total
 » build order
                00:06 Altar of Storms
00:19 Orc Burrow
00:31 War Mill
01:26 Barracks
01:44 Barracks
02:03 Orc Burrow
03:42 Orc Burrow
04:45 Great Hall
05:10 Stronghold
06:28 Orc Burrow
07:52 Watch Tower
08:24 Fortress
08:45 Tree of Life
08:56 Watch Tower
09:16 Chimaera Roost
09:17 Chimaera Roost
09:50 Moon Well
09:50 Moon Well
09:51 Moon Well
12:54 Watch Tower
12:54 Watch Tower
14:23 Voodoo Lounge
14:26 Watch Tower
14:26 Watch Tower
15:32 Tree of Life
15:47 Great Hall
17:46 Moon Well
17:46 Moon Well
22:03 Hunter's Hall
22:11 Moon Well
23:06 Great Hall
23:12 Tree of Ages
24:16 Great Hall
29:49 Altar of Elders
29:51 Moon Well
31:07 Great Hall
31:50 Moon Well
31:52 Moon Well
33:37 Orc Burrow
34:47 Orc Burrow
35:39 War Mill
35:58 Orc Burrow
38:52 Altar of Elders
39:09 Tree of Life
39:19 Great Hall
39:57 Moon Well
41:25 Great Hall
41:36 Moon Well
55:02 Tree of Life
» items
                
                | Boots of Speed | 1 |  | 
| Scroll of Town Portal | 7 |  | 
| Staff of Teleportation | 1 |  | 
| Orb of Lightning | 1 |  | 
| Potion of Mana | 1 |  | 
| Lesser Clarity Potion | 1 |  | 
| Potion of Lesser Invulnerability | 1 |  | 
                13 total
  
               
              
              
» 
wts580i (
pink | 52 APM | 359 actions | 06:57)
              
 1 Priestess of the Moon 
 1 Trueshot Aura
 
                » actions 
                
                | Build / train | 20 |  | 
| Enter build submenu | 7 |  | 
| Enter hero's abilities submenu | 1 |  | 
| Right click | 216 |  | 
| Select / deselect | 101 |  | 
| Use ability | 14 |  | 
                359 total
 » units 
                » buildings
                
                | Altar of Elders | 1 |  | 
| Moon Well | 3 |  | 
| Hunter's Hall | 1 |  | 
| Ancient of War | 1 |  | 
| Tree of Ages | 1 |  | 
| Tree of Eternity | 1 |  | 
| Ancient of Wind | 1 |  | 
                9 total
 » build order
                00:08 Altar of Elders
00:12 Moon Well
01:28 Hunter's Hall
01:56 Ancient of War
02:07 Moon Well
04:03 Tree of Ages
04:31 Moon Well
06:26 Tree of Eternity
06:48 Ancient of Wind
 
               team 2 (loser) 
              
              
» 
peon_hero (
purple | 50 APM | 3091 actions | 61:36)
              
 8 Archmage 
 3 Summon Water Elemental
 1 Brilliance Aura
 3 Blizzard
 1 Mass Teleport
 5 Blood Mage 
 2 Flame Strike
 3 Siphon Mana
 
                » actions 
                
                | Assign group hotkey | 80 |  | 
| Basic commands | 149 |  | 
| Build / train | 115 |  | 
| ESC pressed | 1 |  | 
| Enter build submenu | 49 |  | 
| Enter hero's abilities submenu | 12 |  | 
| Give item / drop item | 4 |  | 
| Remove unit from queue | 1 |  | 
| Right click | 1237 |  | 
| Select / deselect | 756 |  | 
| Select group hotkey | 496 |  | 
| Use ability | 186 |  | 
                3091 total
 » units 
                
                | Peasant | 36 |  | 
| Footman | 7 |  | 
| Gryphon Rider | 7 |  | 
| Blue Dragon | 2 |  | 
| Blue Drake | 2 |  | 
| Blue Dragon Whelp | 5 |  | 
| Goblin Zeppelin | 1 |  | 
                60 total
 » upgrades
                
                | Defend | 1 |  | 
| Swords | 3 |  | 
| Armor | 3 |  | 
| Lumber Harvesting | 1 |  | 
| Animal War Training | 1 |  | 
| Storm Hammers | 1 |  | 
                10 total
 » buildings
                
                | Barracks | 1 |  | 
| Altar of Kings | 3 |  | 
| Farm | 14 |  | 
| Scout Tower | 9 |  | 
| Arcane Tower | 1 |  | 
| Arcane Vault | 1 |  | 
| Blacksmith | 1 |  | 
| Town Hall | 8 |  | 
| Keep | 1 |  | 
| Lumber Mill | 1 |  | 
| Guard Tower | 4 |  | 
| Gryphon Aviary | 4 |  | 
| Castle | 1 |  | 
                49 total
 » build order
                00:18 Barracks
00:23 Altar of Kings
00:31 Farm
01:17 Farm
01:39 Scout Tower
01:46 Farm
02:09 Arcane Tower
03:09 Arcane Vault
03:14 Farm
03:58 Blacksmith
04:34 Farm
04:36 Farm
05:47 Town Hall
05:49 Scout Tower
05:50 Scout Tower
06:03 Keep
06:06 Lumber Mill
06:48 Farm
07:08 Guard Tower
09:03 Gryphon Aviary
09:09 Gryphon Aviary
09:12 Gryphon Aviary
09:46 Castle
10:32 Farm
10:34 Farm
15:09 Farm
15:12 Farm
15:28 Farm
19:04 Town Hall
20:58 Gryphon Aviary
24:48 Town Hall
29:20 Altar of Kings
29:21 Farm
32:42 Town Hall
35:06 Scout Tower
35:07 Scout Tower
35:08 Scout Tower
35:36 Guard Tower
35:38 Scout Tower
35:39 Scout Tower
35:41 Scout Tower
36:04 Guard Tower
36:46 Town Hall
37:13 Guard Tower
44:56 Town Hall
47:03 Altar of Kings
47:04 Farm
52:55 Town Hall
54:14 Town Hall
» items
                
                | Scroll of Regeneration | 4 |  | 
| Scroll of Town Portal | 2 |  | 
| Lesser Clarity Potion | 2 |  | 
| Potion of Healing | 1 |  | 
| Potion of Mana | 1 |  | 
| Orb of Fire | 1 |  | 
                11 total
  
               
              
              
» 
tds_own (
blue | 78 APM | 4788 actions | 61:40)
              
 12 Blademaster 
 3 Wind Walk
 3 Critical Strike
 3 Bladestorm
 3 Mirror Image
 
                » actions 
                
                | Assign group hotkey | 54 |  | 
| Basic commands | 109 |  | 
| Build / train | 143 |  | 
| Enter build submenu | 25 |  | 
| Enter hero's abilities submenu | 10 |  | 
| Give item / drop item | 4 |  | 
| Right click | 3168 |  | 
| Select / deselect | 673 |  | 
| Select group hotkey | 215 |  | 
| Use ability | 387 |  | 
                4788 total
 » units 
                
                | Peon | 21 |  | 
| Wind Rider | 10 |  | 
| Troll Batrider | 14 |  | 
| Raider | 5 |  | 
| Troll Witch Doctor | 6 |  | 
| Tauren | 3 |  | 
| Goblin Zeppelin | 2 |  | 
                61 total
 » upgrades
                
                | Ranged Weapons | 3 |  | 
| Armor | 3 |  | 
| Envenomed Spears | 1 |  | 
| Liquid Fire | 1 |  | 
| Witch Doctor Training | 2 |  | 
| Ensnare | 2 |  | 
| Melee Weapons | 1 |  | 
| Pulverize | 1 |  | 
                14 total
 » buildings
                
                | Altar of Storms | 1 |  | 
| Orc Burrow | 7 |  | 
| Voodoo Lounge | 1 |  | 
| Stronghold | 2 |  | 
| War Mill | 2 |  | 
| Beastiary | 2 |  | 
| Fortress | 1 |  | 
| Spirit Lodge | 1 |  | 
| Great Hall | 3 |  | 
| Tauren Totem | 2 |  | 
| Watch Tower | 1 |  | 
                23 total
 » build order
                00:10 Altar of Storms
00:13 Orc Burrow
01:16 Voodoo Lounge
02:20 Stronghold
02:21 Stronghold
02:32 Orc Burrow
02:50 War Mill
02:54 War Mill
06:00 Beastiary
06:03 Beastiary
06:15 Orc Burrow
06:48 Orc Burrow
06:55 Orc Burrow
08:11 Fortress
09:40 Spirit Lodge
11:15 Orc Burrow
14:22 Orc Burrow
21:36 Great Hall
21:54 Tauren Totem
21:57 Tauren Totem
27:03 Great Hall
29:44 Watch Tower
44:36 Great Hall
» items
                
                | Healing Salve | 5 |  | 
| Scroll of Speed | 1 |  | 
| Lesser Clarity Potion | 4 |  | 
| Dust of Appearance | 2 |  | 
| Scroll of Town Portal | 4 |  | 
| Potion of Healing | 5 |  | 
| Orb of Lightning | 1 |  | 
| Potion of Mana | 1 |  | 
| Boots of Speed | 1 |  | 
                24 total
  
               
              
              
» 
tds_own_u_all (
yellow | 55 APM | 3427 actions | 61:49)
              
 4 Archmage 
 2 Blizzard
 2 Brilliance Aura
 3 Mountain King 
 2 Storm Bolt
 1 Bash
 
                » actions 
                
                | Assign group hotkey | 59 |  | 
| Basic commands | 179 |  | 
| Build / train | 123 |  | 
| Enter build submenu | 18 |  | 
| Enter hero's abilities submenu | 7 |  | 
| Right click | 1844 |  | 
| Select / deselect | 917 |  | 
| Select group hotkey | 187 |  | 
| Use ability | 93 |  | 
                3427 total
 » units 
                
                | Peasant | 16 |  | 
| Siege Engine | 49 |  | 
| Goblin Zeppelin | 9 |  | 
| Mortar Team | 4 |  | 
| Flying Machine | 4 |  | 
                82 total
 » upgrades
                
                | Masonry | 3 |  | 
| Gunpowder | 3 |  | 
| Plating | 3 |  | 
| Lumber Harvesting | 1 |  | 
| Barrage | 1 |  | 
                11 total
 » buildings
                
                | Altar of Kings | 1 |  | 
| Farm | 11 |  | 
| Lumber Mill | 1 |  | 
| Arcane Vault | 1 |  | 
| Keep | 1 |  | 
| Blacksmith | 1 |  | 
| Castle | 1 |  | 
| Workshop | 2 |  | 
| Town Hall | 1 |  | 
                20 total
 » build order
                00:12 Altar of Kings
00:16 Farm
00:22 Lumber Mill
01:26 Arcane Vault
02:11 Keep
02:25 Farm
02:32 Blacksmith
03:26 Farm
04:39 Castle
04:47 Workshop
05:08 Workshop
06:47 Farm
09:07 Farm
09:42 Farm
10:16 Farm
11:35 Farm
24:10 Farm
24:13 Farm
26:03 Farm
58:00 Town Hall
» items
                
                | Lesser Clarity Potion | 7 |  | 
| Scroll of Regeneration | 4 |  | 
| Scroll of Town Portal | 2 |  | 
                13 total
  
               
              
              
» 
watchoutbigboy (
teal | 65 APM | 3947 actions | 60:33)
              
 6 Mountain King 
 3 Storm Bolt
 2 Bash
 1 Avatar
 5 Paladin 
 3 Holy Light
 1 Divine Shield
 1 Devotion Aura
 2 Blood Mage 
 1 Flame Strike
 1 Siphon Mana
 
                » actions 
                
                | Assign group hotkey | 100 |  | 
| Basic commands | 330 |  | 
| Build / train | 86 |  | 
| ESC pressed | 6 |  | 
| Enter build submenu | 38 |  | 
| Enter hero's abilities submenu | 13 |  | 
| Give item / drop item | 2 |  | 
| Right click | 1765 |  | 
| Select / deselect | 669 |  | 
| Select group hotkey | 742 |  | 
| Use ability | 196 |  | 
                3947 total
 » units 
                
                | Peasant | 15 |  | 
| Footman | 8 |  | 
| Flying Machine | 2 |  | 
| Mortar Team | 12 |  | 
| Knight | 2 |  | 
| Gryphon Rider | 2 |  | 
| Goblin Zeppelin | 1 |  | 
                42 total
 » upgrades
                
                | Defend | 1 |  | 
| Masonry | 2 |  | 
| Gunpowder | 3 |  | 
| Flare | 1 |  | 
| Fragmentation Shards | 1 |  | 
| Armor | 1 |  | 
                9 total
 » buildings
                
                | Barracks | 2 |  | 
| Altar of Kings | 3 |  | 
| Farm | 12 |  | 
| Scout Tower | 7 |  | 
| Arcane Tower | 1 |  | 
| Lumber Mill | 1 |  | 
| Arcane Vault | 1 |  | 
| Keep | 1 |  | 
| Blacksmith | 1 |  | 
| Workshop | 2 |  | 
| Castle | 1 |  | 
| Town Hall | 3 |  | 
| Gryphon Aviary | 2 |  | 
| Guard Tower | 3 |  | 
| Cannon Tower | 1 |  | 
                41 total
 » build order
                00:07 Barracks
00:16 Altar of Kings
00:31 Farm
01:09 Scout Tower
01:32 Farm
01:40 Farm
01:48 Arcane Tower
02:20 Lumber Mill
03:13 Arcane Vault
03:51 Keep
04:26 Blacksmith
05:41 Farm
05:45 Farm
05:46 Farm
06:17 Workshop
06:20 Workshop
06:59 Farm
07:00 Farm
10:38 Castle
16:33 Town Hall
18:38 Gryphon Aviary
19:21 Barracks
20:03 Farm
20:04 Farm
20:05 Farm
22:13 Gryphon Aviary
22:15 Farm
27:01 Town Hall
27:08 Altar of Kings
27:56 Scout Tower
27:57 Scout Tower
27:58 Scout Tower
28:28 Guard Tower
28:31 Scout Tower
28:32 Scout Tower
28:33 Scout Tower
28:51 Town Hall
28:59 Guard Tower
29:04 Cannon Tower
29:07 Guard Tower
35:35 Altar of Kings
» items
                
                | Scroll of Regeneration | 4 |  | 
| Scroll of Town Portal | 2 |  | 
| Boots of Speed | 1 |  | 
| Orb of Lightning | 1 |  | 
| Healing Salve | 1 |  | 
                9 total
  
                Chat log
          (00:44 / Allies) wts580i: lol this map amkes me think in that game
(00:46 / Allies) wts580i: talons
(00:49 / Allies) AsianPresident: yup
(00:51 / Allies) AsianPresident: :D
(01:08 / Allies) wts580i: should i got potm
(01:09 / Allies) wts580i: ?
(01:15 / Allies) wts580i: go*
(01:18 / Allies) TIMG4STRok: go whatever you want man...........
(01:35 / Allies) AsianPresident: sometimes i like to go hippo riders
(01:41 / Allies) AsianPresident: aka
(01:42 / Allies) REDSEWFDS: im too fucking lazy
(01:43 / Allies) AsianPresident: best unit in game
(01:45 / Allies) REDSEWFDS: so im tower \teching
(01:59 / Allies) TIMG4STRok: i like to make hh because i never go above 46 food the whole game & still get high score
(02:02 / All) AsianPresident: Can i have it like that? - Pharell to Gwen
(02:06 / Allies) AsianPresident: uhh
(02:13 / Allies) TIMG4STRok: except
(02:15 / Allies) AsianPresident: uhh
(02:17 / Allies) TIMG4STRok: for when talons tries really fucking hard
(02:19 / Allies) TIMG4STRok: with his hippos
(02:25 / Allies) AsianPresident: hippo riders = trying hard >_>!
(02:27 / Allies) TIMG4STRok: like ive never seen somebody try so hard
(02:32 / Allies) REDSEWFDS: brb 2 mins
(02:40 / All) TIMG4STRok: hold on guys one sec pizza brb ok.
(02:46 / All) TIMG4STRok: ok
(02:46 / All) TIMG4STRok: ok
(02:47 / All) TIMG4STRok: ok
(02:48 / All) TIMG4STRok: ok
(02:49 / All) tds_own_u_all: NO
(02:49 / All) TIMG4STRok: Ty
(02:51 / All) TIMG4STRok: one sec please Thank's
(05:00 / Allies) wts580i: what a pro
(06:32 / Allies) wts580i: lol
(50:46 / All) REDSEWFDS: nice try]1
(51:05 / Allies) AsianPresident: 780?
(58:02 / Allies) AsianPresident: no food
(59:45 / Allies) TIMG4STRok: tp and invuln
(61:39 / All) AsianPresident: faggots
(61:42 / All) REDSEWFDS: trash